MWL (24 & UNDER)
LEE'S SUMMIT TIGERS @ CINCINNATI PRIDE
04/26/2027
 
TOP OF THE 1ST
Lee's Summit Tigers batting - Pitching for Cincinnati Pride : RHP Gonzalo Benetti
Pitching: RHP Gonzalo Benetti
Batting: SHB Juan Glaviz 0-0: Called Strike
0-1: Foul Ball, location: 2F
0-2: Ball
1-2: Ball
2-2: Foul Ball, location: 2F
2-2: Foul Ball, location: 2F
2-2: Foul Ball, location: 2F
2-2: Strikes out looking
Batting: LHB Daniel Rincón 0-0: Ball
1-0: Fly out, F9 (Flyball, 89M)
Batting: RHB Rusty Bennett 0-0: Ball
1-0: Ball
2-0: Called Strike
2-1: Foul Ball, location: 2F
2-2: Strikes out swinging
Top of the 1st over - 0 run(s), 0 hit(s), 0 error(s), 0 left on base; Lee's Summit 0 - Cincinnati 0
BOTTOM OF THE 1ST
Cincinnati Pride batting - Pitching for Lee's Summit Tigers : RHP Jeff Mann
Pitching: RHP Jeff Mann
Batting: SHB Jaime Martínez 0-0: Ball
1-0: Ball
2-0: Foul Ball, location: 2F
2-1: Swinging Strike
2-2: Ball
3-2: Strikes out swinging
Batting: RHB Elliott Horn 0-0: Ball
1-0: Called Strike
1-1: Fly out, F8 (Flyball, 8RS)
Batting: LHB John Clark 0-0: Ball
1-0: Ball
2-0: Ball
3-0: Base on Balls
Batting: RHB Roger Rush 0-0: Ball
1-0: Called Strike
1-1: Ball
2-1: Called Strike
2-2: Strikes out swinging
Bottom of the 1st over - 0 run(s), 0 hit(s), 0 error(s), 1 left on base; Lee's Summit 0 - Cincinnati 0
TOP OF THE 2ND
Lee's Summit Tigers batting - Pitching for Cincinnati Pride : RHP Gonzalo Benetti
Batting: LHB Milo Powers 0-0: Ball
1-0: Ball
2-0: Called Strike
2-1: Called Strike
2-2: Ball
3-2: Strikes out swinging
Batting: RHB Steven Wright 0-0: Ball
1-0: Swinging Strike
1-1: Ball
2-1: SINGLE (Groundball, 6D)
Batting: LHB Dale Miller 0-0: Foul Ball, location: 2F
0-1: SINGLE (Groundball, 4) (infield hit)
Steven Wright to second
Batting: RHB Kyle Baylor 0-0: Called Strike
0-1: Swinging Strike
0-2: Strikes out swinging
Batting: RHB Michael Hall 0-0: Called Strike
0-1: Foul Ball, location: 2F
0-2: Ball
1-2: Strikes out looking
Top of the 2nd over - 0 run(s), 2 hit(s), 0 error(s), 2 left on base; Lee's Summit 0 - Cincinnati 0
BOTTOM OF THE 2ND
Cincinnati Pride batting - Pitching for Lee's Summit Tigers : RHP Jeff Mann
Batting: RHB Keith Sheehan 0-0: Called Strike
0-1: Swinging Strike
0-2: Strikes out swinging
Batting: RHB Arlen Jones 0-0: Called Strike
0-1: Ball
1-1: Ball
2-1: Called Strike
2-2: Foul Ball, location: 2F
2-2: Ground out 1-3 (Groundball, 15S)
Batting: SHB Jorge Maldonado 0-0: Ball
1-0: Ball
2-0: Ball
3-0: Called Strike
3-1: Base on Balls
Batting: RHB Gary Miller 0-0: Ball
1-0: Ball
Jorge Maldonado steals 2nd base
2-0: Called Strike
2-1: Foul Ball, location: 2F
2-2: Strikes out swinging
Bottom of the 2nd over - 0 run(s), 0 hit(s), 0 error(s), 1 left on base; Lee's Summit 0 - Cincinnati 0
TOP OF THE 3RD
Lee's Summit Tigers batting - Pitching for Cincinnati Pride : RHP Gonzalo Benetti
Batting: RHB Jorge Barbosa 0-0: SINGLE (Groundball, 6MD)
Batting: SHB Juan Glaviz 0-0: Ball
1-0: DOUBLE (Groundball, 5L)
Jorge Barbosa to third
Batting: LHB Daniel Rincón 0-0: SINGLE (Groundball, 56D)
Jorge Barbosa scores
Juan Glaviz to third
Runner from 3rd tries for Home, SAFE, no throw
Batting: RHB Rusty Bennett 0-0: Ball
1-0: SINGLE (Line Drive, 56)
Daniel Rincón to second
Batting: LHB Milo Powers 0-0: Ball
1-0: Called Strike
1-1: Called Strike
1-2: Ball
2-2: Strikes out swinging
Batting: RHB Steven Wright 0-0: Ball
1-0: Called Strike
1-1: DOUBLE (Groundball, 3L)
Daniel Rincón scores
Rusty Bennett to third
Batting: LHB Dale Miller 0-0: Called Strike
0-1: Hit by Pitch
Batting: RHB Kyle Baylor 0-0: Ball
1-0: Called Strike
1-1: Ball
2-1: Swinging Strike
2-2: Foul Ball, location: 2F
2-2: GRAND SLAM HOME RUN (Flyball, 7LD), Distance : 365 ft
Batting: RHB Michael Hall 0-0: Called Strike
0-1: Ball
1-1: Ball
2-1: Ball
3-1: Foul Ball, location: 2F
3-2: Strikes out looking
Pitching: LHP Jon Bridges
Batting: RHB Jorge Barbosa 0-0: Called Strike
0-1: Called Strike
0-2: Foul Ball, location: 2F
0-2: Ball
1-2: Ball
2-2: Ball
3-2: Base on Balls
Batting: SHB Juan Glaviz 0-0: Called Strike
0-1: Fly out, F4 (Popup, 4D)
Top of the 3rd over - 7 run(s), 6 hit(s), 0 error(s), 1 left on base; Lee's Summit 7 - Cincinnati 0
BOTTOM OF THE 3RD
Cincinnati Pride batting - Pitching for Lee's Summit Tigers : RHP Jeff Mann
Batting: RHB Burkhard Bittinger 0-0: Foul Ball, location: 2F
0-1: Called Strike
0-2: Strikes out swinging
Batting: SHB Jaime Martínez 0-0: Ball
1-0: Ground out 4-3 (Groundball, 4)
Batting: RHB Elliott Horn 0-0: Ball
1-0: Fly out, F7 (Flyball, 7)
Bottom of the 3rd over - 0 run(s), 0 hit(s), 0 error(s), 0 left on base; Lee's Summit 7 - Cincinnati 0
TOP OF THE 4TH
Lee's Summit Tigers batting - Pitching for Cincinnati Pride : LHP Jon Bridges
Batting: LHB Daniel Rincón 0-0: Called Strike
0-1: Ground out U3 (Groundball, 3)
Batting: RHB Rusty Bennett 0-0: Swinging Strike
0-1: Swinging Strike
0-2: Ball
1-2: Ball
2-2: Strikes out swinging
Batting: LHB Milo Powers 0-0: Foul Ball, location: 2F
0-1: Ball
1-1: Ball
2-1: Ball
3-1: Base on Balls
Batting: RHB Steven Wright 0-0: Fielders Choice at 2nd, U4 (Groundball, 4M)
Top of the 4th over - 0 run(s), 0 hit(s), 0 error(s), 1 left on base; Lee's Summit 7 - Cincinnati 0
BOTTOM OF THE 4TH
Cincinnati Pride batting - Pitching for Lee's Summit Tigers : RHP Jeff Mann
Batting: LHB John Clark 0-0: SINGLE (Groundball, 5D)
Batting: RHB Roger Rush 0-0: Called Strike
0-1: Swinging Strike
0-2: Strikes out looking
Batting: RHB Keith Sheehan 0-0: Ball
1-0: Called Strike
1-1: Ball
2-1: Swinging Strike
2-2: Ball
3-2: Foul Ball, location: 2F
3-2: Foul Ball, location: 2F
3-2: Foul Ball, location: 2F
3-2: Strikes out swinging
Batting: RHB Arlen Jones 0-0: Ball
Pickoff Throw to First - Out!
Bottom of the 4th over - 0 run(s), 1 hit(s), 0 error(s), 0 left on base; Lee's Summit 7 - Cincinnati 0
TOP OF THE 5TH
Lee's Summit Tigers batting - Pitching for Cincinnati Pride : LHP Jon Bridges
Batting: LHB Dale Miller 0-0: Foul Ball, location: 2F
0-1: Called Strike
0-2: Ball
1-2: Ball
2-2: Strikes out swinging
Batting: RHB Kyle Baylor 0-0: Ball
1-0: Swinging Strike
1-1: Ball
2-1: Foul Ball, location: 2F
2-2: Strikes out swinging
Batting: RHB Michael Hall 0-0: Ball
1-0: Swinging Strike
1-1: Ground out 4-3 (Groundball, 4)
Top of the 5th over - 0 run(s), 0 hit(s), 0 error(s), 0 left on base; Lee's Summit 7 - Cincinnati 0
BOTTOM OF THE 5TH
Cincinnati Pride batting - Pitching for Lee's Summit Tigers : RHP Jeff Mann
Batting: RHB Arlen Jones 0-0: Called Strike
0-1: Foul Ball, location: 2F
0-2: Strikes out swinging
Batting: SHB Jorge Maldonado 0-0: Ground out U3 (Groundball, 3S)
Batting: RHB Gary Miller 0-0: Swinging Strike
0-1: Foul Ball, location: 2F
0-2: Strikes out swinging
Bottom of the 5th over - 0 run(s), 0 hit(s), 0 error(s), 0 left on base; Lee's Summit 7 - Cincinnati 0
TOP OF THE 6TH
Lee's Summit Tigers batting - Pitching for Cincinnati Pride : LHP Jon Bridges
Batting: RHB Jorge Barbosa 0-0: Foul Ball, location: 2F
0-1: Ball
1-1: Foul Ball, location: 2F
1-2: Foul Ball, location: 2F
1-2: Ball
2-2: Foul Ball, location: 2F
2-2: Ball
3-2: Base on Balls
Pitching: RHP Basilio Bea
Batting: SHB Juan Glaviz 0-0: SINGLE (Groundball, 4MD)
Jorge Barbosa to second
Batting: LHB Daniel Rincón 0-0: Called Strike
0-1: Ball
1-1: Ball
2-1: Called Strike
2-2: Strikes out swinging
Batting: RHB Rusty Bennett 0-0: Ball
1-0: Foul Ball, location: 2F
1-1: Foul Ball, location: 2F
1-2: Foul Ball, location: 2F
1-2: Ground out 3-1 (Groundball, 34S)
Jorge Barbosa to third
Juan Glaviz to second
Batting: LHB Milo Powers 0-0: Ball
1-0: Ball
2-0: Foul Ball, location: 2F
2-1: Ball
3-1: Fly out, F7 (Flyball, 7LMF)
Top of the 6th over - 0 run(s), 1 hit(s), 0 error(s), 2 left on base; Lee's Summit 7 - Cincinnati 0
BOTTOM OF THE 6TH
Cincinnati Pride batting - Pitching for Lee's Summit Tigers : RHP Jeff Mann
Batting: RHB Burkhard Bittinger 0-0: Ball
1-0: Called Strike
1-1: Foul Ball, location: 2F
1-2: Foul Ball, location: 2F
1-2: Strikes out swinging
Batting: SHB Jaime Martínez 0-0: Ball
1-0: Foul Ball, location: 2F
1-1: Fly out, F8 (Line Drive, 8LM)
Batting: RHB Elliott Horn 0-0: Called Strike
0-1: Foul Ball, location: 2F
0-2: Ball
1-2: Strikes out looking
Bottom of the 6th over - 0 run(s), 0 hit(s), 0 error(s), 0 left on base; Lee's Summit 7 - Cincinnati 0
TOP OF THE 7TH
Lee's Summit Tigers batting - Pitching for Cincinnati Pride : RHP Basilio Bea
Batting: RHB Steven Wright 0-0: Swinging Strike
0-1: Ball
1-1: Ground out 4-3 (Groundball, 4)
Batting: LHB Dale Miller 0-0: SINGLE (Flyball, 7S)
Thursday, March 30th, 2017 - OOTP Baseball 17.12 Build 75